 Dungeon Crawl Stone Soup version 0.28-a0-802-g09f76e8c00 (webtiles) character file.

Game seed: 1385094617043367369

89 avis the Shield-Bearer (level 4, -14/29 HPs)
             Began as an Octopode Transmuter on Nov 7, 2021.
             Killed from afar by Ijyb (21 damage)
             ... with an iceblast
             ... on level 3 of the Dungeon.
             The game lasted 00:08:34 (2439 turns).

avis the Shield-Bearer (Octopode Transmuter)        Turns: 2439, Time: 00:08:34

Health: -14/29     AC:  1    Str: 15    XL:     4   Next: 55%
Magic:  5/7        EV: 13    Int: 16    God:
Gold:   39         SH:  4    Dex: 12    Spells: 3/7 levels left

rFire   . . .      SeeInvis .     - Unarmed
rCold   . . .      Faith    .   a - +0 buckler
rNeg    . . .      Spirit   .   (helmet restricted)
rPois   .          Reflect  .   s - amulet of magic regeneration
rElec   .          Harm     .   f - +6 ring of strength
rCorr   .          Rampage  .   (no ring)
Will    .....                   (no ring)
Stlth   ++........              (no ring)
HPRegen 0.09/turn               (no ring)
MPRegen 0.35/turn               (no ring)
                                (no ring)
                                (no ring)

@: very slightly contaminated
A: almost no armour, amphibious, 8 rings, camouflage 1, gelatinous body 1,
(nimble swimmer 1), tentacles
a: no special abilities


You were on level 3 of the Dungeon.
You visited 1 branch of the dungeon, and saw 3 of its levels.

You collected 39 gold pieces.

Inventory:

Missiles
 g - 24 arrows
 o - 14 stones
Armour
 a - a +0 buckler (worn)
Jewellery
 f - a +6 ring of strength (left tentacle)
 s - an amulet of magic regeneration (around mantle)
Scrolls
 b - 2 scrolls of acquirement {unknown}
 e - a scroll of teleportation {unknown}
 h - a scroll of enchant armour {unknown}
 j - a scroll of vulnerability {unknown}
 k - a scroll of identify {unknown}
 l - a scroll of blinking {unknown}
 q - a scroll of amnesia {unknown}
 r - a scroll of fear {unknown}
Potions
 c - a potion of heal wounds {unknown}
 d - a potion of magic {unknown}
 i - a potion of lignification {unknown}
 m - a potion of attraction {unknown}
 n - a potion of might {unknown}
 p - a potion of flight {unknown}


   Skills:
 - Level 2.0 Fighting
 - Level 2.0 Dodging
 * Level 3.5 Shields
 - Level 3.0 Unarmed Combat
 - Level 2.0 Spellcasting
 - Level 2.0 Transmutations


You had 3 spell levels left.
You knew the following spells:

 Your Spells              Type           Power      Damage    Failure   Level
a - Beastly Appendage     Tmut           16%        N/A       10%         1
p - Spider Form           Tmut/Pois      4%         N/A       38%         3

Your spell library contained the following spells:

 Spells                   Type           Power      Damage    Failure   Level
 Wereblood                Tmut           8%         N/A       14%         2
 Ice Form                 Ice/Tmut       4%         N/A       80%         4


Dungeon Overview and Level Annotations

Branches:
Dungeon (3/15)

Altars:

Annotations:
D:3 Ijyb


Innate Abilities, Weirdness & Mutations

You cannot wear most types of armour.
You are amphibious.
You can wear up to eight rings at the same time.
Your skin changes colour to match your surroundings (Stealth+).
Your rubbery body absorbs attacks. (AC +1, EV +1)
((You are camouflaged near water. (Stealth+)))
You have tentacles for arms and can constrict up to eight enemies at once.


Message History

Things that are here:
a +0 short sword; a +0 leather armour You tentacle-slap the ball python.
You kill the ball python!
Things that are here:
a +0 short sword; a +0 leather armour You start resting.
Your transformation is almost over.
You start resting.
Your tentacle spike disappears.
You start resting.
HP restored.
Found a stone staircase leading down.
A kobold and Ijyb come into view.
Ijyb is wielding a +0 dagger and carrying a wand of iceblast (8).
The kobold shouts!
Ijyb shouts!
Ijyb zaps a wand.
The mass of ice explodes!
The iceblast engulfs you!
There is a stone staircase leading down here.
Ijyb zaps a wand.
The mass of ice explodes!
The iceblast engulfs you!
* * * LOW HITPOINT WARNING * * *
The kobold throws a stone.
The stone hits you.
* * * LOW HITPOINT WARNING * * *
Casting: Beastly Appendage (safe; 10% risk of failure)
Confirm with . or Enter, or press ? or * to list all spells.
The spell is extremely dangerous to cast (38% risk of failure)!
Continue anyway?
You miscast Spider Form.
You are very lightly contaminated with residual magic.
Strange energies run through your body.
The kobold throws a stone.
The stone barely misses you.
Casting: Spider Form (extremely dangerous; 38% risk of failure)
Confirm with . or Enter, or press ? or * to list all spells.
The spell is extremely dangerous to cast (38% risk of failure)!
Continue anyway?
Okay, then.
The kobold misses you. The kobold hits you with a +0 club.
* * * LOW HITPOINT WARNING * * *
The kobold barely misses you.
Ijyb zaps a wand.
The mass of ice explodes!
The iceblast engulfs you!!
Ouch! That really hurt!
You die...

########.....### #........
######### ##..#####
..Kg....# #..# #># #..#####
#.# #....... ####.#
#..##### ####....# #..#
#...@...# #..# #.##K...#
#..# #.###.#.######..###
#.#####.###.............#
.........####g#####.).#.###
#.........g...# ###........
#######..########.....#####
.........##..........#
........)##.##.#...†.#


You could see Ijyb and a kobold.

Vanquished Creatures
  Jessica (D:2)
  2 adders
  A worm (D:2)
  2 orcs (D:3)
  3 bats
  An endoplasm (D:3)
  3 giant cockroaches
  3 goblins
  5 hobgoblins
  3 kobolds (D:2)
  2 quokkas (D:1)
  5 ball pythons
  5 frilled lizards
  4 rats
40 creatures vanquished.

Notes
Turn   | Place    | Note
-------+----------+-------------------------------------------
     0 | D:1      | avis the Octopode Transmuter began the quest for the Orb.
     0 | D:1      | Reached XP level 1. HP: 13/13 MP: 3/3
   659 | D:1      | Reached XP level 2. HP: 19/19 MP: 3/5
   831 | D:1      | Reached skill level 1 in Shields
  1222 | D:2      | Noticed Jessica
  1229 | D:2      | Reached XP level 3. HP: 24/24 MP: 4/6
  1234 | D:2      | Killed Jessica
  1240 | D:2      | Learned a level 3 spell: Spider Form
  1441 | D:2      | Reached XP level 4. HP: 27/29 MP: 5/7
  1744 | D:2      | Found a faded altar of an unknown god.
  2148 | D:3      | Noticed an ice beast
  2418 | D:3      | Noticed Ijyb
  2439 | D:3      | Killed from afar by Ijyb

Illustrated notes

Levels and vault maps discovered:
D:1:      dpeg_arrival_water_fire, layout_loops_ring
D:2:      layout_loops_ring, shapermc_ecumenical_altar_acropolis,
          minmay_misc_feat_encased, grunt_decor_clamped, uniq_jessica
D:3:      layout_loops_ring, kennysheep_nub, uniq_ijyb

Skill      XL: |  1  2  3  4 |
---------------+-------------+-----
Fighting       | 2 |  2.0
Shields        | 2 3 |  3.5
Dodging        | |  2.0
Unarmed Combat | |  3.0
Spellcasting   | |  2.0
Transmutations | |  2.0

Action                   |  1- 3 |  4- 6 || total
-------------------------+-------+-------++-------
Melee: Unarmed           |    49 |    31 ||    80
       Constrict         |    16 |    10 ||    26
       Kick              |    11 |    10 ||    21
       Tentacles         |     3 |     2 ||     5
 Cast: Beastly Appendage |    17 |    14 ||    31
 Stab: Sleeping          |     3 |     6 ||     9
Armor: Skin              |     3 |       ||     3
Dodge: Dodged            |    26 |    12 ||    38
Block: Buckler           |     4 |     7 ||    11

Table legend: (Time is in decaauts)
 A = Elapsed time spent in this place.
 B = Non-inter-level travel time spent in this place.
 C = Inter-level travel time spent in this place.
 D = Time resting spent in this place.
 E = Time spent auto-exploring this place.
 F = Levels seen in this place.
 G = Mean time per level.
                   A        B        C        D        E       F      G
               +--------+--------+--------+--------+--------+-----+--------+
         Total |   2438 |   2235 |    203 |    605 |   1182 |   3 |  812.7 |
       Dungeon |   2438 |   2235 |    203 |    605 |   1182 |   3 |  812.7 |
               +--------+--------+--------+--------+--------+-----+--------+

Top non-repeatable levels by time:
     D:1: 1205 daAuts
     D:2: 962 daAuts
     D:3: 271 daAuts
